 Dungeon Crawl Stone Soup version 0.26-a0-652-gafc20e3620 (webtiles) character file.

Game seed: 12993160825502397358

40 zazu2006 the Magician (level 3, -5/28 HPs)
             Began as a Naga Hedge Wizard on Oct 3, 2020.
             Slain by a worm (11 damage)
             ... on level 2 of the Dungeon.
             The game lasted 00:02:55 (1648 turns).

zazu2006 the Magician (Naga Hedge Wizard)           Turns: 1648, Time: 00:02:55

Health: -5/28      AC:  3    Str: 12    XL:     3   Next: 50%
Magic:  4/8        EV:  9    Int: 15    God:
Gold:   55         SH:  0    Dex: 10    Spells: 0/9 levels left

rFire    . . .     SeeInvis +   b - +2 dagger (freeze)
rCold    . . .     Faith    .   (no shield)
rNeg     . . .     Spirit   .   f - +0 leather armour
rPois    +         Reflect  .   k - +0 helmet
rElec    .         Harm     .   (no cloak)
rCorr    .         Rampage  .   (no gloves)
MR       .....                  (no barding)
Stlth    ++........             (no amulet)
HPRegen  0.09/turn              (no ring)
MPRegen  0.11/turn              (no ring)

@: very slow
A: large, see invisible, deformed body, poison resistance, slowness 2, spit
poison 1, AC +1
a: Spit Poison


You were on level 2 of the Dungeon.
You visited 1 branch of the dungeon, and saw 2 of its levels.

You collected 55 gold pieces.

Inventory:

Hand Weapons
 b - a +2 dagger of freezing (weapon)
Armour
 f - a +0 leather armour (worn)
 k - a +0 helmet (worn)
Scrolls
 a - a scroll of remove curse {unknown}
 e - a scroll of enchant weapon {unknown}
 g - a scroll of teleportation {unknown}
 i - 2 scrolls of identify {unknown}
Potions
 c - a potion of ambrosia {unknown}
 d - 2 potions of brilliance {unknown}
 h - a potion of curing {unknown}
 j - a potion of magic {unknown}
 l - a potion of degeneration {unknown}


   Skills:
 + Level 1.0 Armour
 + Level 1.7 Dodging
 + Level 3.3 Stealth
 + Level 3.6 Spellcasting
 + Level 1.2 Conjurations
   Level 1.0 Summonings
 + Level 1.0 Translocations


You couldn't memorise any spells.
You knew the following spells:

 Your Spells              Type           Power        Failure   Level
a - Magic Dart            Conj           #...         14%         1
b - Mephitic Cloud        Conj/Pois/Air  #.......     52%         3
c - Conjure Flame         Conj/Fire      #.......     50%         3
d - Blink                 Tloc           N/A          24%         2

Your spell library contained the following spells:

 Spells                   Type           Power        Failure   Level
 Call Imp                 Summ           #.......     24%         2
 Slow                     Hex            #.......     36%         2


Dungeon Overview and Level Annotations

Branches:
Dungeon (2/15)

Altars:
Ashenzari
Xom


Innate Abilities, Weirdness & Mutations

You cannot wear boots.
Your serpentine skin is tough. (AC +1)
You have supernaturally acute eyesight. (SInv)
Armour fits poorly on your strangely shaped body.
Your system is resistant to poisons. (rPois)
You cover ground very slowly.
You can spit poison.


Message History

Confirm with . or Enter, or press ? or * to list all spells.
Aiming: Magic Dart (safe; 14% risk of failure)
Press: ? - help, Shift-Dir - straight line, f/p - worm
Aim: a worm (lightly wounded)
The magic dart hits the worm but does no damage.
The worm is lightly wounded.
You have got your breath back.
Your leather armour prevents you from hitting the worm.
The worm is lightly wounded.
The worm bites you!
You hit the worm. You freeze the worm.
The worm is moderately wounded.
You hit the worm. You freeze the worm.
The worm is severely wounded.
The worm bites you!
* * * LOW HITPOINT WARNING * * *
You hit the worm. You freeze the worm.
The worm is severely wounded.
The worm bites you!
You die...

...####.####...##### ##<..
..............### ###....
###.....###.....#####......
####..# ##..#.......##.[.
##.# #....####...####
####..###..########..##
................# ##..#
###.#..........# ##.#
#.#.@......<.# #.##
#w.<.......# #...
.....###.#### ###. ....#...
.# #. ...#.##.### .#
######## ## #. ..# .......<
#. .## ######## # ......†
.......


You could see a worm.

Vanquished Creatures
  An adder (D:2)
  A worm (D:2)
  2 giant cockroaches (D:1)
  4 goblins
  4 hobgoblins
  2 ball pythons (D:1)
  5 bats
  2 frilled lizards
  5 kobolds
  4 rats (D:1)
30 creatures vanquished.

Notes
Turn   | Place    | Note
-------+----------+-------------------------------------------
     0 | D:1      | zazu2006 the Naga Hedge Wizard began the quest for the Orb.
     0 | D:1      | Reached XP level 1. HP: 15/15 MP: 4/4
   260 | D:1      | Reached XP level 2. HP: 22/22 MP: 1/6
   318 | D:1      | Found a broken altar of Ashenzari.
  1216 | D:2      | Found a shimmering altar of Xom.
  1226 | D:2      | Reached XP level 3. HP: 28/28 MP: 5/8
  1231 | D:2      | Learned a level 3 spell: Mephitic Cloud
  1235 | D:2      | Learned a level 3 spell: Conjure Flame
  1238 | D:2      | Learned a level 2 spell: Blink
  1514 | D:2      | Reached skill level 1 in Armour
  1648 | D:2      | Slain by a worm

Illustrated notes

Levels and vault maps discovered:
D:1:      heliophobic_arrival_glass_houses, layout_rooms,
          evilmike_ruin_ashenzari
D:2:      layout_rooms, old_standard_altar, minitemple, roderic_serpentine_path,
          eino_curves_02

Skill      XL: |  1  2  3 |
---------------+----------+-----
Armour         | 1 |  1.0
Dodging        | |  1.7
Stealth        | |  3.3
Spellcasting   | |  3.6
Conjurations   | |  1.2
Summonings     | |  1.0
Translocations | |  1.0

Action                   || total
-------------------------++-------
Melee: Dagger            ||    30
 Cast: Magic Dart        ||    69
 Abil: Spit Poison       ||     9
Armor: Leather armour    ||    13
Dodge: Dodged            ||    32

Table legend: (Time is in decaauts)
 A = Elapsed time spent in this place.
 B = Non-inter-level travel time spent in this place.
 C = Inter-level travel time spent in this place.
 D = Time resting spent in this place.
 E = Time spent auto-exploring this place.
 F = Levels seen in this place.
 G = Mean time per level.
                   A        B        C        D        E       F      G
               +--------+--------+--------+--------+--------+-----+--------+
         Total |   1916 |   1866 |     50 |     27 |   1578 |   2 |  958.0 |
       Dungeon |   1916 |   1866 |     50 |     27 |   1578 |   2 |  958.0 |
               +--------+--------+--------+--------+--------+-----+--------+

Top non-repeatable levels by time:
     D:1: 1335 daAuts
     D:2: 581 daAuts
